 Dungeon Crawl Stone Soup version 0.23-a0-274-g77505739ee (webtiles) character file.

784 MirrMurr the Poker (level 7, -2/49 HPs)
             Began as an Octopode Berserker on Oct 2, 2018.
             Was a Believer of Trog.
             Slain by a gnoll
             ... wielding a +4 flail of protection
              (18 damage)
             ... on level 5 of the Dungeon.
             The game lasted 00:08:42 (4332 turns).

MirrMurr the Poker (Octopode Berserker)             Turns: 4332, Time: 00:08:43

Health: -2/49      AC:  1    Str: 16    XL:     7   Next: 86%
Magic:  16/16      EV: 15    Int:  9    God:    Trog [**....]
Gold:   208        SH:  0    Dex: 14    Spells: 6/6 levels left

rFire    . . .     SeeInvis +   a - +0 spear
rCold    . . .     Gourm    .   (no shield)
rNeg     + . .     Faith    .   (helmet restricted)
rPois    .         Spirit   .   s - amulet of regeneration
rElec    .         Reflect  .   m - ring of magical power
rCorr    .         Harm     .   p - ring of positive energy
MR       .....                  q - ring of see invisible
Stlth    ++++......             (no ring)
HPRegen  0.56/turn              (no ring)
MPRegen  0.15/turn              (no ring)
                                (no ring)
                                (no ring)

@: no status effects
A: almost no armour, stealthy swim, amphibious, 8 rings, constrict 8, camouflage
1, gelatinous body 1
a: Berserk, Trog's Hand, Renounce Religion


You were on level 5 of the Dungeon.
You worshipped Trog.
Trog was pleased with you.
You were hungry.

You visited 2 branches of the dungeon, and saw 6 of its levels.

You collected 208 gold pieces.

Inventory:

Hand Weapons
 a - a +0 spear (weapon)
 b - a +1 hunting sling
Missiles
 e - 266 stones (quivered)
 i - 18 sling bullets
 j - a throwing net {!f}
Jewellery
 m - a ring of magical power (left tentacle)
 p - a ring of positive energy (right tentacle)
 q - a ring of see invisible (on tentacle)
 s - an amulet of regeneration (around mantle)
Wands
 n - a wand of polymorph (21)
Scrolls
 f - 2 scrolls of enchant armour
 r - 4 scrolls of remove curse
Potions
 d - 4 potions of heal wounds
 g - 2 potions of curing
 h - a potion of might {unknown}
 k - a potion of cancellation
 o - a potion of agility {unknown}
Comestibles
 c - 10 rations


   Skills:
 + Level 4.8 Fighting
 * Level 6.1 Polearms
 + Level 4.7 Dodging
 + Level 5.1 Stealth


You had 6 spell levels left.
You didn't know any spells.
Your spell library was empty.

Dungeon Overview and Level Annotations

Branches:
Dungeon (5/15)             Temple (1/1) D:4

Altars:
Ashenzari
Cheibriados
Elyvilon
Kikubaaqudgha
Nemelex Xobeh
Okawaru
Trog
Vehumet
The Shining One


Innate Abilities, Weirdness & Mutations

You cannot wear most types of armour.
You are very stealthy in the water. (Stealth+)
You are amphibious.
You can wear up to eight rings at the same time.
You can use your tentacles to constrict eight enemies at once.
Your skin changes colour to match your surroundings (Stealth+).
Your rubbery body absorbs attacks. (AC +1, EV +1)


Message History

The gnoll hits you with a flail of protection!
Unknown command.
You are too injured to fight recklessly!
Unknown command.
You are too injured to fight recklessly!
You are too injured to fight recklessly!
You hit the gnoll but do no damage. Your grab misses the gnoll.
You constrict the hound. The hound closely misses you. The gnoll misses you.
The hound bites you.
You hit the gnoll but do no damage. You grab the gnoll.
You constrict the gnoll, but do no damage.
You constrict the hound. The hound bites you.
You hit the gnoll but do no damage.
You squeeze the gnoll, but do no damage.
You constrict the gnoll. You constrict the hound.
You kill the hound!
Trog accepts your kill.
You are feeling hungry.
The gnoll hits you with a flail of protection!!
You die...

.<#.#####..........###.#
#[.....................#
#.#.#########.#.########
#.#..........<#...
#.#######..##)##### #.#
#...##...# ..#
####..###...# ###
#..........P#+#+#
#.####.##...@g..# #
#####.P#...#
.........#...#
#######..##### ####


You could see a gnoll.

Vanquished Creatures
  2 ogres (D:5)
  A centaur (D:5)
  3 scorpions
  2 crimson imps (D:5)
  4 hounds
  An orc wizard (D:4)
  Ijyb (D:5)
  A hound zombie (D:5)
  A worker ant zombie (D:5)
  5 adders
  3 worms
  4 dart slugs
  3 leopard geckos
  3 orcs
  A ball python (D:4)
  4 giant cockroaches
  6 goblins
  6 hobgoblins
  4 jackals (D:3)
  6 kobolds
  3 quokkas
  A ball python zombie (D:5)
  4 bats
  5 frilled lizards
  7 rats
81 creatures vanquished.

Notes
Turn   | Place    | Note
-------+----------+-------------------------------------------
     0 | D:1      | MirrMurr the Octopode Berserker began the quest for the
                  | Orb.
     0 | D:1      | Reached XP level 1. HP: 16/16 MP: 1/1
   196 | D:1      | Reached XP level 2. HP: 20/21 MP: 2/2
   275 | D:1      | Reached skill level 1 in Stealth
   809 | D:1      | Reached XP level 3. HP: 26/26 MP: 3/3
   977 | D:2      | Reached ** piety under Trog
  1015 | D:2      | Noticed a scorpion
  1044 | D:2      | Killed a scorpion
  1044 | D:2      | Reached skill level 4 in Polearms
  1044 | D:2      | Reached XP level 4. HP: 25/31 MP: 4/4
  1670 | D:3      | Reached XP level 5. HP: 36/36 MP: 5/5
  2153 | D:3      | Found a sparkling altar of Nemelex Xobeh.
  2371 | D:4      | Found a radiant altar of Vehumet.
  2581 | D:4      | Reached XP level 6. HP: 43/43 MP: 6/6
  2631 | D:4      | Found a shattered altar of Ashenzari.
  2649 | D:4      | Found a glowing golden altar of the Shining One.
  2651 | D:4      | Found a bloodstained altar of Trog.
  2796 | D:4      | Found a staircase to the Ecumenical Temple.
  2801 | Temple   | Entered the Ecumenical Temple
  3233 | D:5      | Entered Level 5 of the Dungeon
  3233 | D:5      | Found a snail-covered altar of Cheibriados.
  3264 | D:5      | Reached skill level 5 in Polearms
  3505 | D:5      | Found an iron altar of Okawaru.
  3543 | D:5      | Noticed Ijyb
  3552 | D:5      | Killed Ijyb
  3554 | D:5      | Reached XP level 7. HP: 48/48 MP: 7/7
  3563 | D:5      | Found an ancient bone altar of Kikubaaqudgha.
  3861 | D:5      | Found a white marble altar of Elyvilon.
  4060 | D:5      | Reached skill level 6 in Polearms
  4326 | D:5      | Reached skill level 5 in Stealth
  4332 | D:5      | Slain by a gnoll

Vault maps used:
D:1:      eino_arrival_water_cross
D:3:      lemuel_coloured_pillars_altar
D:4:      old_standard_altar, grunt_temple_overflow_open,
          minmay_temple_entry_nine_rooms, kennysheep_generic_room_6
D:5:      lemuel_crystal_altar, okawaru_trees_2, lemuel_doored_altar,
          lemuel_round_altar, first_ration, glass_columns_c,
          cheibrodos_gnoll_hut, uniq_ijyb
Temple:   jpeg_temple_island

Skill      XL: |  1  2  3  4  5  6  7 |
---------------+----------------------+-----
Stealth        | 1 2 3 4 5 |  5.1
Polearms       | 4 5 6 |  6.1
Fighting       | 4 |  4.8
Dodging        | 4 |  4.7

Action                   |  1- 3 |  4- 6 |  7- 9 || total
-------------------------+-------+-------+-------++-------
Melee: Spear             |    62 |    83 |    33 ||   178
       Constrict         |    13 |    18 |     6 ||    37
       Tentacles         |     9 |    14 |     6 ||    29
 Fire: Hunting sling     |       |    57 |    20 ||    77
Invok: Trog's Hand       |     1 |     1 |     1 ||     3
       Berserk           |     1 |     1 |       ||     2
  Use: Scroll            |     5 |     7 |     1 ||    13
 Stab: Sleeping          |    11 |     4 |     1 ||    16
       Distracted        |       |     1 |       ||     1
  Eat: Chunk             |       |    10 |     3 ||    13
Armor: Skin              |     2 |     2 |       ||     4
Dodge: Dodged            |    17 |    25 |    17 ||    59

Table legend:
 A = Non-vault XP
 B = Vault XP
 C = Vault XP percentage of total XP
 D = Non-vault monster count
 E = Vault monster count
 F = Vault count percentage of total count
                 A         B        C        D         E       F
            +---------+---------+-------+---------+---------+-------
      Total |     961 |     159 |  14.2 |      77 |       4 |   4.9
            +---------+---------+-------+---------+---------+-------
        D:1 |      41 |       0 |   0.0 |      22 |       0 |   0.0
        D:2 |     123 |       0 |   0.0 |      13 |       0 |   0.0
        D:3 |      32 |       0 |   0.0 |      15 |       0 |   0.0
        D:4 |     191 |      40 |  17.3 |      11 |       1 |   8.3
        D:5 |     574 |     119 |  17.2 |      16 |       3 |  15.8
            +---------+---------+-------+---------+---------+-------
